AoeStats
← Djrafa

Arabia

509507078Analyzed
2v2 RM · 6d ago on Sep 27, 2026· 23m 20s· 4 players
Game mode
Random Map
Map size
Medium (4 player)
Population
200
Speed
Normal
Resources
Standard
Victory
Conquest
Starting age
Dark Age
Ending age
Imperial Age
RankedLock teamsTeams togetherTeam positionsShared explorationLock speedFull tech treeHidden civsTurbo modeCheats
Victory
Defeat
🇩🇴 Tatars · Dominican Republic
657
+19
🇩🇴 Cumans · Dominican Republic
619
+21
🇨🇱 Franks · Chile
747
-21
🇦🇷 Vikings · Argentina
703
-19
CHILEPALESTA
2:05 Loom
13:13 Feudal Age
14:14 Double-Bit Axe
Musaf
13:08 Feudal Age
17:02 Man-at-Arms
a.mglass
1:14 Loom
12:51 Feudal Age
13:18 Double-Bit Axe
13:16 Horse Collar
16:36 Man-at-Arms
20:22 Wheelbarrow
19:56 Arson
20:21 Scale Mail Armor
21:42 Forging
22:59 Scale Barding Armor
Djrafa
10:44 Feudal Age
11:07 Horse Collar
11:16 Double-Bit Axe
10:59 Man-at-Arms
11:25 Arson
21:31 Scale Mail Armor
21:32 Padded Archer Armor
22:16 Fletching
Connection lost

Rejoining the realm…

Still unreachable

The connection could not be restored.

Session expired

The server has moved on; the page needs a fresh start.